[Event "Titled Tuesday Blitz September 27 Late 2022"]
[White "Baskakov, Egor"]
[Black "Janaszak, Dawid"]
[WhiteFideId "24197866"]
[BlackFideId "1119206"]
[WhiteElo "2211"]
[BlackElo "2165"]
[Result "0-1"]
[Round "10"]
[TimeControl "180+1"]
[Date "2022.09.27"]
[WhiteClock "0:00:10"]
[BlackClock "0:00:09"]

1. e4 g6 2. g3 Bg7 3. Bg2 d6 4. d4 Nf6 5. Ne2 O-O 6. O-O c5 7. h3 cxd4 8. Nxd4 Nc6 9. Ne2 Nd7 10. Nbc3 Rb8 11. a4 a6 12. Be3 b5 13. axb5 axb5 14. Nd4 Nxd4 15. Bxd4 Nf6 16. Nd5 e6 17. Nxf6+ Bxf6 18. b3 Be5 19. Qd2 Qc7 20. Ra2 Bb7 21. Kh2 Rfc8 22. f4 Bxd4 23. Qxd4 Ra8 24. Rxa8 Bxa8 25. Rf2 Qc5 26. Qd2 b4 27. f5 exf5 28. exf5 Bxg2 29. Kxg2 Re8 30. f6 Qc6+ 31. Kh2 Qc5 32. Kg2 Qc6+ 33. Kh2 Qc5 34. h4 h6 35. Re2 Re5 36. Rxe5 Qxe5 37. Qxb4 Qxf6 38. Qf4 Qc3 39. Qf2 d5 40. Qe2 d4 41. Qd3 Qb4 42. Kg2 h5 43. Qe4 Qc3 44. Qd3 Qc5 45. Kf2 Kf8 46. Kf3 Ke7 47. Qe4+ Kf8 48. Ke2 Qd6 49. Qa8+ Kg7 50. Qf3 Qc5 51. Kd1 f5 52. Qb7+ Kh6 53. Qf3 Kh7 54. Kc1 Qa3+ 55. Kb1 Qc5 56. Kb2 Qe5 57. Qd3 Qc5 58. Qc4 Qe5 59. Qf7+ Kh6 60. Qf8+ Kh7 61. Qf7+ Kh8 62. Qxg6 d3+ 63. c3 Qe2+ 64. Ka3 d2 65. Qh6+ Kg8 66. Qg6+ Kf8 67. Qf6+ Ke8 68. Qc6+ Kf7 69. Qc7+ Qe7+ 70. Qxe7+ Kxe7 0-1


[Site "https://www.chess.com"]

[Event "Titled Tuesday Blitz September 27 Late 2022"]
[White "Besedes, Danilo"]
[Black "Bryakin, Mikhail"]
[WhiteFideId "946796"]
[BlackFideId "4165314"]
[WhiteElo "2352"]
[BlackElo "2357"]
[Result "1-0"]
[Round "10"]
[TimeControl "180+1"]
[Date "2022.09.27"]
[WhiteClock "0:00:05"]
[BlackClock "0:00:41"]

1. d4 Nf6 2. Bf4 d5 3. e3 c5 4. c3 Nc6 5. Nd2 Bf5 6. Ngf3 Qb6 7. Qb3 c4 8. Qxb6 axb6 9. a3 b5 10. Rc1 h6 11. h3 e6 12. Be2 Nd7 13. O-O Nb6 14. Bd1 Na4 15. Bxa4 bxa4 16. Rfe1 Kd7 17. e4 Bh7 18. Re2 f6 19. Rce1 Be7 20. exd5 exd5 21. Nf1 g5 22. Bh2 Bd3 23. Re3 Ra5 24. Rd1 Rb5 25. Rd2 h5 26. Ne1 Bg6 27. Ree2 Ra8 28. Ne3 Ra6 29. g4 Rab6 30. Nd1 f5 31. gxf5 Bxf5 32. Kg2 Be4+ 33. f3 Bf5 34. Ne3 Bh7 35. Nd1 Bf6 36. Nf2 Ne7 37. f4 Nf5 38. Nf3 gxf4 39. Bxf4 Re6 40. Rxe6 Kxe6 41. Re2+ Kd7 42. Ne5+ Kc8 43. Nd1 Nd6 44. Nf2 Ne4 45. Nxe4 Bxe4+ 46. Kg3 Rb6 47. Nf7 Kd7 48. Ne5+ Bxe5 49. Bxe5 Rg6+ 50. Kh4 Rg1 51. Rf2 Rh1 52. Rf7+ Kc6 53. Rf6+ Kd7 54. Rf7+ Ke6 55. Rxb7 Bg2 56. Rb6+ Kf5 57. Rf6+ Ke4 58. Kxh5 Bxh3 59. Rb6 Kf5 60. Kh6 Bf1+ 61. Kg7 Bd3 62. Rf6+ Ke4 63. Ra6 Rb1 64. Rb6 Bc2 65. Bd6 Bb3 66. Bb4 Rxb2 67. Re6+ Kd3 68. Re5 Rg2+ 69. Kf6 Bd1 70. Rxd5 Rg8 71. Re5 Bf3 72. d5 Rh8 73. d6 Bg4 74. Ke7 Rh7+ 75. Kd8 Rd7+ 76. Ke8 Ra7 77. Rd5+ Kc2 78. d7 Bxd7+ 79. Rxd7 Ra6 80. Ke7 Rh6 81. Rd6 Rh3 82. Ke6 Rxc3 83. Bxc3 Kxc3 84. Kd5 Kb3 85. Rb6+ Kxa3 86. Kxc4 Ka2 87. Kc3 a3 88. Ra6 1-0


[Site "https://www.chess.com"]

[Event "Titled Tuesday Blitz September 27 Late 2022"]
[White "Bortnyk, Olexandr"]
[Black "Kamsky, Gata"]
[WhiteFideId "14120828"]
[BlackFideId "2000024"]
[WhiteElo "2723"]
[BlackElo "2666"]
[Result "1/2-1/2"]
[Round "10"]
[TimeControl "180+1"]
[Date "2022.09.27"]
[WhiteClock "0:00:05"]
[BlackClock "0:00:17"]

1. d4 Nf6 2. Nc3 d5 3. Bf4 Bf5 4. e3 e6 5. f3 Bd6 6. g4 Bg6 7. h4 h6 8. Nh3 a6 9. Bd3 Bxd3 10. Qxd3 c5 11. dxc5 Bxc5 12. O-O-O Nc6 13. g5 Nd7 14. g6 Qe7 15. a3 Nde5 16. gxf7+ Qxf7 17. Qe2 O-O-O 18. Nf2 Bd6 19. Kb1 Kb8 20. Rhg1 Ka8 21. Na4 Qc7 22. Nd3 Qa5 23. Nc3 Rd7 24. Nxe5 Bxe5 25. Na2 Bf6 26. e4 Nd4 27. Qf2 e5 28. Bd2 Qa4 29. Be3 dxe4 30. Nc3 Qc6 31. fxe4 Rc8 32. h5 Rd6 33. Rd3 Qe8 34. Qh2 Rdc6 35. Rc1 Bg5 36. Re1 Nf3 37. Qg3 Nxe1 38. Qxe1 Bxe3 39. Qxe3 Qxh5 40. Rd7 Qg4 41. Re7 Qg5 42. Qxg5 hxg5 43. Rxg7 Rxc3 44. bxc3 Rxc3 45. Rxg5 Rxa3 46. Rxe5 Re3 47. Kc1 Kb8 48. Kd2 Rh3 49. Re7 Kc8 50. Rg7 a5 51. Kc1 Re3 52. Re7 Kd8 53. Rxb7 Rxe4 54. Rb5 a4 55. Kb2 Kc7 56. Ra5 Kb6 57. Ra8 Kb7 58. Rh8 Rc4 59. Rh3 Kb6 60. Rg3 Ka6 61. c3 Kb6 62. Rg8 Ka6 63. Rb8 Ka5 64. Rh8 Kb5 65. Rh5+ Kb6 66. Rd5 Kc6 67. Rd3 Kb5 68. Ka3 Kb6 69. Rd4 Rxc3+ 70. Kxa4 Rc5 71. Rb4+ Kc6 72. Kb3 Rb5 73. Rxb5 Kxb5 1/2-1/2


[Site "https://www.chess.com"]

[Event "Titled Tuesday Blitz September 27 Late 2022"]
[White "Brodowski, Piotr"]
[Black "Bartel, Mateusz"]
[WhiteFideId "1124480"]
[BlackFideId "1112635"]
[WhiteElo "2312"]
[BlackElo "2526"]
[Result "0-1"]
[Round "10"]
[TimeControl "180+1"]
[Date "2022.09.27"]
[WhiteClock "0:00:01"]
[BlackClock "0:00:26"]

1. d4 Nf6 2. c4 g6 3. Nc3 Bg7 4. e4 d6 5. Be2 O-O 6. Be3 e5 7. d5 Na6 8. g4 Nc5 9. f3 h5 10. h3 a5 11. Qd2 Nh7 12. O-O-O h4 13. Kb1 b6 14. Bd3 Bf6 15. Nge2 Bg5 16. f4 exf4 17. Nxf4 Bd7 18. Rhf1 Qe7 19. Bc2 Rae8 20. Qf2 Qd8 21. Bd4 Bf6 22. Rde1 Bxd4 23. Qxd4 Re5 24. Qf2 Qe7 25. Nfe2 Ng5 26. Qxh4 Ngxe4 27. Qxe7 Rxe7 28. Nxe4 Nxe4 29. Bxe4 Rxe4 30. Ng3 Rxc4 31. Re7 Bb5 32. Rc1 Rxc1+ 33. Kxc1 Re8 34. Rxc7 Re3 35. Rc3 Rxc3+ 36. bxc3 Bc4 37. Ne4 Bxa2 38. g5 Kf8 39. Nxd6 Bxd5 40. h4 Be6 41. Kb2 Ke7 42. Ne4 Kd7 43. Nd2 Kc6 44. c4 b5 45. cxb5+ Kxb5 46. Ne4 Kb4 0-1


[Site "https://www.chess.com"]

[Event "Titled Tuesday Blitz September 27 Late 2022"]
[White "Burke, Paul"]
[Black "Vujcic, Milena"]
[WhiteFideId "2605767"]
[BlackFideId "954748"]
[WhiteElo "1886"]
[BlackElo "1931"]
[Result "1-0"]
[Round "10"]
[TimeControl "180+1"]
[Date "2022.09.28"]
[WhiteClock "0:00:03"]
[BlackClock "0:00:07"]

1. e4 e5 2. Nf3 Nc6 3. Bc4 Bc5 4. b4 Bxb4 5. c3 Ba5 6. d4 exd4 7. O-O Nf6 8. Ng5 O-O 9. Nxf7 Rxf7 10. Bxf7+ Kxf7 11. cxd4 d5 12. e5 Ne8 13. Qh5+ Kg8 14. Bg5 Qd7 15. Nd2 Bxd2 16. Bxd2 Qf7 17. Qh4 Bf5 18. Be3 Ne7 19. Rac1 Ng6 20. Qg3 c6 21. Qf3 Nc7 22. Qe2 Ne6 23. f3 Ngf4 24. Bxf4 Nxf4 25. Qd2 Ne6 26. Rfe1 Qc7 27. g4 Bg6 28. h4 Qb6 29. Rcd1 Rc8 30. f4 Bf7 31. f5 c5 32. fxe6 Bxe6 33. dxc5 Qxc5+ 34. Qf2 Qxf2+ 35. Kxf2 Rc2+ 36. Kg3 Rxa2 37. Ra1 Rxa1 38. Rxa1 a6 39. g5 Kf7 40. Kf4 Ke7 41. Rc1 Kd7 42. Rb1 b5 43. Ke3 Kc6 44. Kd4 Kb6 45. Rf1 a5 46. Rf8 a4 47. Re8 Bf7 48. Rb8+ Ka5 49. Kc5 Ka6 50. Rb6+ Ka7 51. Rxb5 d4 52. Ra5+ Kb7 53. Rxa4 d3 54. Rd4 Bg6 55. e6 Kc7 56. e7 Kc8 57. Rxd3 1-0


[Site "https://www.chess.com"]

[Event "Titled Tuesday Blitz September 27 Late 2022"]
[White "Bykov, Egor"]
[Black "Lin, Dachey"]
[WhiteFideId "34115290"]
[BlackFideId "2029650"]
[WhiteElo "2192"]
[BlackElo "2313"]
[Result "1-0"]
[Round "10"]
[TimeControl "180+1"]
[Date "2022.09.27"]
[WhiteClock "0:00:53"]
[BlackClock "0:00:59"]

1. d4 g6 2. c4 Bg7 3. Nc3 c5 4. e3 Nf6 5. Nf3 cxd4 6. exd4 d5 7. cxd5 Nxd5 8. Bc4 Nxc3 9. bxc3 Qc7 10. Qb3 O-O 11. O-O Nc6 12. Bd3 Bg4 13. Be4 Rac8 14. h3 Na5 15. Qb4 Be6 16. Bg5 Rfe8 17. Rac1 b6 18. Rfe1 Bxa2 19. Bd3 Bd5 20. Ba6 Ra8 21. Rxe7 Rxe7 22. Qxe7 Qc6 23. Ne5 Bxe5 24. Qxe5 Bxg2 25. Bh6 f6 26. Qe7 1-0


[Site "https://www.chess.com"]

[Event "Titled Tuesday Blitz September 27 Late 2022"]
[White "Carlsen, Magnus"]
[Black "Dardha, Daniel"]
[WhiteFideId "1503014"]
[BlackFideId "240990"]
[WhiteElo "2830"]
[BlackElo "2528"]
[Result "1/2-1/2"]
[Round "10"]
[TimeControl "180+1"]
[Date "2022.09.27"]
[WhiteClock "0:00:21"]
[BlackClock "0:00:14"]

1. a3 d5 2. d4 Bf5 3. Nf3 Nf6 4. c4 dxc4 5. e3 e6 6. Bxc4 c5 7. Nc3 Nbd7 8. O-O cxd4 9. exd4 Rc8 10. Ba2 Be7 11. d5 exd5 12. Nxd5 O-O 13. Nxe7+ Qxe7 14. Re1 Qd8 15. Be3 a6 16. Rc1 Rxc1 17. Qxc1 Qa5 18. h3 Re8 19. b4 Qd8 20. Rd1 Be6 21. Bxe6 Rxe6 22. Bd4 Qb8 23. Bb2 h6 24. Nd4 Rd6 25. Nf5 Rxd1+ 26. Qxd1 Qf4 27. Nd6 b5 28. g3 Qg5 29. Kg2 Nb6 30. h4 Qg6 31. Qf3 Nfd5 32. Nf5 f6 33. Bd4 Qf7 34. h5 Kh7 35. Qe4 Kh8 36. Bxb6 Nxb6 37. g4 Qd5 38. Qxd5 Nxd5 39. Kf3 Nb6 40. Ke4 Nc4 41. Kd4 Nxa3 42. Ne3 g6 43. Kc5 f5 44. f3 fxg4 45. fxg4 Kg7 46. Nd5 Nc2 47. Kb6 gxh5 48. gxh5 Nxb4 49. Nxb4 Kf6 50. Kxa6 Kg5 51. Kxb5 Kxh5 52. Kc4 Kg4 53. Kd3 h5 54. Ke2 h4 55. Kf2 h3 56. Kg1 h2+ 57. Kh1 Kg5 58. Nd3 Kg6 59. Kxh2 1/2-1/2


[Site "https://www.chess.com"]

[Event "Titled Tuesday Blitz September 27 Late 2022"]
[White "Caruana, Fabiano"]
[Black "Tari, Aryan"]
[WhiteFideId "2020009"]
[BlackFideId "1510045"]
[WhiteElo "2847"]
[BlackElo "2612"]
[Result "1-0"]
[Round "10"]
[TimeControl "180+1"]
[Date "2022.09.27"]
[WhiteClock "0:01:02"]
[BlackClock "0:00:18"]

1. e4 c6 2. d4 d5 3. e5 Bf5 4. f4 e6 5. Nf3 h5 6. Bd3 Nh6 7. O-O Be7 8. c3 Bxd3 9. Qxd3 Nf5 10. a4 c5 11. Na3 Nc6 12. Nc2 g6 13. Ne3 Nxe3 14. Bxe3 cxd4 15. Nxd4 Nxd4 16. cxd4 Qd7 17. Bd2 a6 18. b3 O-O 19. h3 b5 20. g4 hxg4 21. hxg4 bxa4 22. bxa4 f5 23. Kg2 Kf7 24. Rh1 Rh8 25. g5 Kg7 26. Rxh8 Rxh8 27. Qxa6 Rh4 28. a5 Qc7 29. Rc1 Qd7 30. Qc6 Qa7 31. Qxe6 1-0


[Site "https://www.chess.com"]

[Event "Titled Tuesday Blitz September 27 Late 2022"]
[White "Daggupati, Balaji"]
[Black "Bortnyk, Mykola"]
[WhiteFideId "2090759"]
[BlackFideId "14120836"]
[WhiteElo "2781"]
[BlackElo "2582"]
[Result "0-1"]
[Round "10"]
[TimeControl "180+1"]
[Date "2022.09.27"]
[WhiteClock "0:00:08"]
[BlackClock "0:00:48"]

1. e4 Nf6 2. e5 Nd5 3. d4 d6 4. c4 Nb6 5. exd6 exd6 6. Nf3 Be7 7. Be2 O-O 8. O-O Bg4 9. h3 Bh5 10. b3 Bf6 11. Bb2 Re8 12. Nbd2 Nc6 13. Re1 a5 14. a3 d5 15. c5 Nd7 16. Qc2 Bg6 17. Bd3 Nf8 18. Bc3 Ne6 19. Bxg6 hxg6 20. Qb2 Nf4 21. Qc2 Qd7 22. Kh2 Ne2 23. Qd3 Qf5 24. Qxf5 gxf5 25. Bb2 Nexd4 26. Nxd4 Nxd4 27. Kh1 Rxe1+ 28. Rxe1 Nc2 29. Rb1 Bxb2 30. Rxb2 Nxa3 31. Nf3 Nb5 32. Re2 d4 33. Re5 Rd8 34. Rxf5 d3 35. Nd2 Nd4 36. Re5 Kf8 37. Re1 Rd5 38. Rc1 Nc2 39. c6 b5 40. Rd1 a4 41. bxa4 bxa4 42. Nc4 a3 43. Rb1 a2 0-1


[Site "https://www.chess.com"]

[Event "Titled Tuesday Blitz September 27 Late 2022"]
[White "Djokic, Mihailo"]
[Black "Gabrielian, Artur"]
[WhiteFideId "976440"]
[BlackFideId "4131002"]
[WhiteElo "2315"]
[BlackElo "2467"]
[Result "1/2-1/2"]
[Round "10"]
[TimeControl "180+1"]
[Date "2022.09.27"]
[WhiteClock "0:00:16"]
[BlackClock "0:00:12"]

1. e4 c5 2. Be2 d6 3. d3 Nc6 4. f4 e6 5. Nf3 Nf6 6. O-O Be7 7. Kh1 b5 8. Qe1 Bb7 9. Be3 d5 10. e5 Ng4 11. Bg1 h5 12. c3 d4 13. Nbd2 Rc8 14. c4 a6 15. b3 Nb4 16. Qb1 h4 17. a3 Nc6 18. Ne4 h3 19. gxh3 Nh6 20. a4 bxc4 21. bxc4 Nb4 22. Ng3 a5 23. Bf2 Qd7 24. Kg1 Nf5 25. Nxf5 exf5 26. h4 Rc6 27. Bg3 Rg6 28. Kf2 Qc6 29. Qd1 Rg4 30. Rg1 Qh6 31. Ke1 Rxf4 32. Bxf4 Qxf4 33. Qd2 Qxd2+ 34. Kxd2 g6 35. e6 Bxf3 36. Bxf3 Rxh4 37. exf7+ Kxf7 38. Rg2 Rh3 39. Bd5+ Kf6 40. Re1 Rxd3+ 41. Kc1 Re3 42. Rge2 Nd3+ 43. Kd2 Nxe1 44. Rxe3 dxe3+ 45. Kxe1 Kg5 46. Ke2 Kf4 47. h3 g5 48. Be6 Bf6 49. Bc8 Bd4 50. Bd7 Ke4 51. Bc6+ Ke5 52. Bd7 Kf4 53. Bc8 g4 54. hxg4 fxg4 55. Bb7 Kg3 56. Bc8 Kh4 57. Bd7 Kg5 58. Bc8 g3 59. Bh3 Kf4 60. Bg2 Bf6 61. Bd5 Bg5 62. Bg2 Ke5 63. Kd3 Bf4 64. Bc6 Bh6 65. Bg2 Kf4 66. Bc6 Kf5 67. Bd5 Bg5 68. Bc6 Ke5 69. Bb7 e2 70. Kxe2 Kd4 71. Ba6 Be3 72. Kf3 Bf2 73. Kg2 Kc3 74. Bb5 Kb4 75. Kf1 Kc3 76. Kg2 Kb4 77. Kf1 Kc3 78. Kg2 1/2-1/2


[Site "https://www.chess.com"]

[Event "Titled Tuesday Blitz September 27 Late 2022"]
[White "Dounis, Alexandros"]
[Black "Rustemov, Alexander"]
[WhiteFideId "4213238"]
[BlackFideId "4119002"]
[WhiteElo "2204"]
[BlackElo "2838"]
[Result "1-0"]
[Round "10"]
[TimeControl "180+1"]
[Date "2022.09.27"]
[WhiteClock "0:00:16"]
[BlackClock "0:00:01"]

1. Nf3 d5 2. g3 c6 3. Bg2 Nf6 4. O-O Bf5 5. d3 e6 6. Nh4 Bg4 7. h3 Bh5 8. f4 Be7 9. Qe1 Nfd7 10. Nf3 O-O 11. e4 f5 12. Nc3 Na6 13. Be3 Qc7 14. Qf2 Rae8 15. Kh1 Bg6 16. e5 Bh5 17. Nh2 b6 18. d4 h6 19. Bf3 Bxf3+ 20. Nxf3 g6 21. Rg1 Kh7 22. Rg2 Rg8 23. Rag1 Rg7 24. g4 Reg8 25. Rg3 Qd8 26. R1g2 Bh4 27. Nxh4 Qxh4 28. Ne2 c5 29. c3 c4 30. g5 Rh8 31. gxh6 Qxh6 32. Ng1 Kg8 33. Nf3 Nc7 34. Ng5 Nf8 35. Qf3 Rd7 36. b3 Qh5 37. Qf1 b5 38. bxc4 dxc4 39. a4 a6 40. axb5 axb5 41. Qb1 Nh7 42. Nxe6 Nxe6 43. Qxb5 Nhf8 44. Qxc4 Rc7 45. Qd3 Ng7 46. d5 Rb7 47. Kh2 Rb3 48. Qc4 Qd1 49. e6 Kh7 50. e7 Rb1 51. Rg1 Qc2+ 52. R3g2 Rxg1 53. Rxc2 Re1 54. exf8=Q 1-0


[Site "https://www.chess.com"]

[Event "Titled Tuesday Blitz September 27 Late 2022"]
[White "Ekdyshman, Mikhail"]
[Black "Leiva, Gianmarco"]
[WhiteFideId "4149416"]
[BlackFideId "3804399"]
[WhiteElo "2146"]
[BlackElo "2323"]
[Result "0-1"]
[Round "10"]
[TimeControl "180+1"]
[Date "2022.09.28"]
[WhiteClock "0:00:03"]
[BlackClock "0:00:03"]

1. c4 e5 2. Nc3 Nc6 3. g3 Bc5 4. Bg2 h5 5. h4 Nf6 6. Nf3 d6 7. d3 a6 8. Bg5 Bf5 9. Nd5 Nb8 10. b4 Ba7 11. Nd2 Nbd7 12. O-O c6 13. Nc3 Nf8 14. Nde4 Ne6 15. Bxf6 gxf6 16. e3 Qe7 17. a4 Rd8 18. b5 Kf8 19. bxc6 bxc6 20. Qf3 Bg6 21. Bh3 Ng7 22. Nxf6 Bxd3 23. Rfd1 Bxc4 24. Qxc6 Qxf6 25. Qxc4 Ne6 26. Ne4 Qe7 27. Qxa6 Nc5 28. Nxc5 Bxc5 29. Qc4 Rg8 30. Bg2 Kg7 31. a5 Kh8 32. a6 Rg6 33. Qe2 Rg4 34. Qf3 Rdg8 35. Rd5 Qa7 36. Rxc5 dxc5 37. Qf6+ R8g7 38. Qxe5 Rg6 39. Qxh5+ Kg8 40. Qd5 Rxa6 41. Rb1 Rf6 42. Rb7 Qa1+ 43. Kh2 Rxf2 44. Rb8+ Kh7 45. Qe4+ f5 46. Qd5 Qf6 47. Qd6 Qxd6 48. Kg1 Rxg2+ 49. Kf1 Qxb8 50. Kxg2 Qxg3+ 51. Kh1 Qh3# 0-1


[Site "https://www.chess.com"]

[Event "Titled Tuesday Blitz September 27 Late 2022"]
[White "Goltsev, Dmitry"]
[Black "Pinheiro, Iung Alicio de O."]
[WhiteFideId "24176710"]
[BlackFideId "2104350"]
[WhiteElo "2257"]
[BlackElo "2283"]
[Result "1-0"]
[Round "10"]
[TimeControl "180+1"]
[Date "2022.09.28"]
[WhiteClock "0:01:12"]
[BlackClock "0:00:03"]

1. e4 c5 2. Nf3 Nc6 3. d4 cxd4 4. Nxd4 e5 5. Nb5 d6 6. N1c3 a6 7. Na3 b5 8. Nd5 Nge7 9. c4 Nxd5 10. cxd5 Nd4 11. Be3 Be7 12. Qd2 O-O 13. Bd3 f5 14. O-O fxe4 15. Bxe4 Nf5 16. Bxf5 Bxf5 17. Rac1 Qd7 18. Nc2 Qe8 19. Nb4 Qg6 20. Nc6 Rae8 21. f3 Bh4 22. g3 Bd3 23. Rfd1 e4 24. f4 Bxg3 25. Qg2 Bxf4 26. Bxf4 Rxf4 27. Qxg6 hxg6 28. Nd4 Re5 29. Ne6 Rg4+ 30. Kf2 Rf5+ 31. Ke3 Rf3+ 32. Kd4 Bc4 33. b3 Rd3+ 34. Rxd3 exd3+ 35. Ke3 Bxd5 36. Rc8+ Kh7 37. Nf8+ Kh6 38. Kxd3 Bf7 39. Rd8 Rf4 40. Ke3 Rf6 41. Kd4 g5 42. Ra8 g4 43. Rxa6 Kg5 44. Nd7 Rf4+ 45. Ke3 Rf3+ 46. Ke2 Rh3 47. Rxd6 Rxh2+ 48. Ke3 Rxa2 49. Rb6 Rb2 50. Rxb5+ Kh4 51. Kf4 Rxb3 52. Rc5 Rf3+ 53. Ke4 g3 54. Kxf3 Be6 55. Ne5 1-0


[Site "https://www.chess.com"]

[Event "Titled Tuesday Blitz September 27 Late 2022"]
[White "Golubev, Mikhail"]
[Black "Vlassov, Nikolai"]
[WhiteFideId "14100983"]
[BlackFideId "4103360"]
[WhiteElo "2374"]
[BlackElo "2324"]
[Result "0-1"]
[Round "10"]
[TimeControl "180+1"]
[Date "2022.09.28"]
[WhiteClock "0:00:02"]
[BlackClock "0:00:21"]

1. e4 Nc6 2. Nf3 d5 3. exd5 Qxd5 4. d4 Bg4 5. Be2 O-O-O 6. c4 Qf5 7. Be3 e5 8. d5 Bb4+ 9. Nbd2 e4 10. Nh4 Bxe2 11. Qxe2 Qf6 12. dxc6 Qxh4 13. cxb7+ Kxb7 14. O-O-O Nf6 15. c5 Bxd2+ 16. Rxd2 Rxd2 17. Qb5+ Kc8 18. Kxd2 Rd8+ 19. Kc1 Rd5 20. Rd1 Rxd1+ 21. Kxd1 Qg4+ 22. Ke1 Nd5 23. Qe8+ Kb7 24. c6+ Ka6 25. Qd7 Nxe3 26. fxe3 Qxg2 27. Qc8+ Kb5 28. Qb7+ Kc4 29. Qa6+ Kc5 30. Qxa7+ Kxc6 31. Qa6+ Kd5 32. Qb5+ Kd6 0-1


[Site "https://www.chess.com"]

[Event "Titled Tuesday Blitz September 27 Late 2022"]
[White "Gonzalez Vega, Alejandro"]
[Black "Fawzy, Adham"]
[WhiteFideId "3510042"]
[BlackFideId "10613129"]
[WhiteElo "2225"]
[BlackElo "2541"]
[Result "0-1"]
[Round "10"]
[TimeControl "180+1"]
[Date "2022.09.28"]
[WhiteClock "0:00:02"]
[BlackClock "0:00:03"]

1. e4 c5 2. Nf3 d6 3. d4 cxd4 4. c3 Nf6 5. cxd4 Nxe4 6. d5 Nf6 7. Nc3 Bg4 8. Be2 g6 9. O-O Bg7 10. h3 Bxf3 11. Bxf3 O-O 12. Re1 Nbd7 13. Bf4 a6 14. a4 Rc8 15. a5 Re8 16. Qd2 Nc5 17. Ra3 b5 18. axb6 Qxb6 19. Na4 Nxa4 20. Rxa4 Rb8 21. b4 Qb5 22. Ra5 Qxb4 23. Rxa6 Qxd2 24. Bxd2 Rb5 25. Bc3 Nxd5 26. Bxg7 Kxg7 27. Rxd6 Nf6 28. Ra6 Rc5 29. Ra7 Kf8 30. g4 Rc3 31. Kg2 e6 32. Re5 Re7 33. Ra8+ Kg7 34. h4 Rd7 35. Rb5 Rdd3 36. Be2 Rd2 37. Bf3 Nd5 38. Bxd5 Rxd5 39. Rbb8 Rc4 40. f3 Kf6 41. Rb7 Rd2+ 42. Kg3 Rcc2 0-1


[Site "https://www.chess.com"]

[Event "Titled Tuesday Blitz September 27 Late 2022"]
[White "Gubajdullin, Alexei"]
[Black "Fawzy, Adham"]
[WhiteFideId "4141202"]
[BlackFideId "10613129"]
[WhiteElo "2195"]
[BlackElo "2541"]
[Result "0-1"]
[Round "10"]
[TimeControl "180+1"]
[Date "2022.09.27"]
[WhiteClock "0:00:04"]
[BlackClock "0:01:22"]

1. d4 Nf6 2. Nf3 g6 3. Bf4 Bg7 4. e3 d6 5. Be2 O-O 6. O-O b6 7. h3 Bb7 8. Bh2 Nbd7 9. a4 a6 10. a5 b5 11. c4 bxc4 12. Bxc4 e6 13. Nc3 h6 14. b4 Qe7 15. b5 axb5 16. Bxb5 Ne4 17. Nxe4 Bxe4 18. a6 Rfb8 19. Bd3 Nf6 20. Bxe4 Nxe4 21. Qc2 Nf6 22. Qc6 Qd7 23. Rfc1 Qxc6 24. Rxc6 Nd5 25. e4 Nb4 26. Rxc7 Rxa6 27. Rb1 Rba8 28. Bxd6 Nd3 29. Bc5 Ra1 30. Rxa1 Rxa1+ 31. Kh2 Nxf2 32. d5 Nxe4 33. d6 Nxc5 34. Rxc5 Rd1 35. Rc8+ Bf8 36. Ne5 Rxd6 37. Rc7 Rd5 38. Nxf7 Rf5 39. Nxh6+ Bxh6 40. h4 Bf4+ 41. Kh3 Bxc7 0-1


[Site "https://www.chess.com"]

[Event "Titled Tuesday Blitz September 27 Late 2022"]
[White "Hambleton, Aman"]
[Black "Diaz Herquinio, Brahian"]
[WhiteFideId "2606577"]
[BlackFideId "3809480"]
[WhiteElo "2538"]
[BlackElo "1965"]
[Result "1-0"]
[Round "10"]
[TimeControl "180+1"]
[Date "2022.09.28"]
[WhiteClock "0:00:05"]
[BlackClock "0:00:10"]

1. e4 c5 2. Bc4 e6 3. Nc3 a6 4. a3 Nc6 5. Ba2 Qc7 6. d3 b5 7. Nf3 d6 8. O-O Be7 9. Re1 Nf6 10. h3 O-O 11. Bf4 Bb7 12. Qd2 Ne5 13. Nxe5 dxe5 14. Be3 Rad8 15. Rad1 c4 16. Qe2 cxd3 17. cxd3 Bxa3 18. Nxb5 axb5 19. bxa3 Qe7 20. Rc1 Rc8 21. Qb2 Ba6 22. Rxc8 Rxc8 23. Rc1 Rxc1+ 24. Qxc1 Qd6 25. Qc3 Nd7 26. Bb1 h6 27. Bc2 Bb7 28. f3 f5 29. Kf1 Kh7 30. Ke2 Nf6 31. Qc5 Qxc5 32. Bxc5 Nd7 33. Bd6 Kg6 34. g4 fxg4 35. hxg4 Kg5 36. Be7+ Kf4 37. Kf2 Bc6 38. Bd1 Nb6 39. Bc5 Nc4 40. dxc4 Kg5 41. Be7+ Kg6 42. cxb5 Bxb5 43. a4 Kf7 44. axb5 Kxe7 45. Ke3 Kd6 46. Be2 Kc5 47. f4 g5 48. fxe5 Kb6 49. Kd4 Kc7 50. Kc5 Kb7 51. b6 1-0


[Site "https://www.chess.com"]

[Event "Titled Tuesday Blitz September 27 Late 2022"]
[White "Harvey, Marcus R"]
[Black "Namitbir Singh Walia"]
[WhiteFideId "400092"]
[BlackFideId "35071068"]
[WhiteElo "2485"]
[BlackElo "1664"]
[Result "0-1"]
[Round "10"]
[TimeControl "180+1"]
[Date "2022.09.28"]
[WhiteClock "0:00:07"]
[BlackClock "0:00:14"]

1. Nf3 d5 2. b3 c5 3. e3 Nc6 4. Bb2 Nf6 5. Bb5 e6 6. O-O Bd6 7. c4 O-O 8. cxd5 exd5 9. d4 Bg4 10. Be2 Bxf3 11. Bxf3 cxd4 12. exd4 Re8 13. Nc3 Ne4 14. Nxe4 dxe4 15. Be2 Ne7 16. Bb5 Rf8 17. d5 Nxd5 18. Qd4 Nf6 19. Rad1 Be7 20. Qa4 Qb6 21. Bd4 Qe6 22. Bc4 Qf5 23. Qb5 Qxb5 24. Bxb5 a6 25. Be2 Rfd8 26. Bb6 Rxd1 27. Rxd1 Rc8 28. Bc4 h6 29. Kf1 Rc6 30. Bd8 Kf8 31. Ke2 b5 32. Bxe7+ Kxe7 33. Bd5 Rc2+ 34. Ke3 Rxa2 35. Bxe4 Nxe4 36. Kxe4 Rxf2 37. g3 Rxh2 38. Ra1 Rb2 39. Rxa6 Rxb3 40. g4 g6 41. Ke5 Re3+ 42. Kf4 Rb3 43. Ke5 Rb4 44. Ra7+ Kf8 45. g5 hxg5 46. Kf6 Rf4+ 47. Kxg5 Rf5+ 48. Kg4 Kg7 49. Rb7 Rc5 50. Kf4 Kf6 51. Rb6+ Kg7 52. Rb7 Rc4+ 53. Kg5 b4 54. Rc7 Rxc7 0-1


[Site "https://www.chess.com"]

[Event "Titled Tuesday Blitz September 27 Late 2022"]
[White "Ibarra Jerez, Jose Carlos"]
[Black "Bispo, Leonardo"]
[WhiteFideId "2226332"]
[BlackFideId "2107899"]
[WhiteElo "2627"]
[BlackElo "2253"]
[Result "1-0"]
[Round "10"]
[TimeControl "180+1"]
[Date "2022.09.27"]
[WhiteClock "0:01:13"]
[BlackClock "0:01:26"]

1. e4 e5 2. Nf3 Nf6 3. Nxe5 d6 4. Nxf7 Kxf7 5. d4 Qe8 6. f3 c5 7. Nc3 cxd4 8. Nb5 Nc6 9. Nc7 Qd8 10. Bc4+ d5 11. exd5 Ne5 12. Bb3 Bd6 13. Nxa8 d3 14. O-O Bf5 15. Be3 Qxa8 16. c4 b6 17. g4 Bg6 18. g5 Qc8 19. Qd2 Nh5 20. f4 Qg4+ 21. Qg2 Be4 22. fxe5+ 1-0


[Site "https://www.chess.com"]

[Event "Titled Tuesday Blitz September 27 Late 2022"]
[White "Jeet, Jain"]
[Black "Zhigalko, Sergei"]
[WhiteFideId "5073022"]
[BlackFideId "13502956"]
[WhiteElo "2055"]
[BlackElo "2662"]
[Result "0-1"]
[Round "10"]
[TimeControl "180+1"]
[Date "2022.09.27"]
[WhiteClock "0:00:02"]
[BlackClock "0:00:05"]

1. d4 Nf6 2. Nf3 e6 3. Bf4 b6 4. e3 Bb7 5. Be2 Nh5 6. Bg5 Be7 7. Bxe7 Qxe7 8. Nbd2 O-O 9. O-O f5 10. c3 d6 11. Bd3 Nd7 12. Qe2 a6 13. a4 e5 14. dxe5 dxe5 15. Bc4+ Kh8 16. Nxe5 Nxe5 17. Qxh5 Rad8 18. Rad1 Rxd2 19. Rxd2 Nxc4 20. Rd4 Nd6 21. Rfd1 g6 22. Qh3 Kg7 23. c4 a5 24. b3 Re8 25. Rh4 h5 26. Rhd4 Qf6 27. Qh4 Qxh4 28. Rxh4 Be4 29. Rd2 Kh6 30. f4 Bc6 31. Rh3 Ne4 32. Rd4 Nc5 33. e4 Rxe4 34. Rd8 Rxf4 35. Re3 Re4 36. Rg3 Re1+ 37. Kf2 Rb1 38. Re3 Rb2+ 39. Ke1 Be4 40. h4 Rxb3 41. Rxb3 Nxb3 42. g3 Nc5 43. Rc8 c6 44. Kd2 Nxa4 45. Rb8 Kg7 46. Ke3 Kf6 47. Kf4 Ke6 48. Kg5 Ke5 49. Rg8 b5 50. cxb5 cxb5 51. Kxg6 f4+ 52. Kxh5 f3 53. Rf8 b4 54. g4 b3 55. g5 b2 56. g6 Bxg6+ 57. Kxg6 b1=Q+ 58. Kg5 Qg1+ 59. Kh6 f2 60. Re8+ Kd4 61. Rd8+ Kc4 62. h5 Nc5 63. Rg8 f1=Q 64. Rg7 Qf6+ 65. Kh7 Qfxg7# 0-1


[Site "https://www.chess.com"]